AoeStats
← Barón de la Cerveza

Nomad

503439268Analyzed
3v3 RM · 1mo ago on Aug 31, 2026· 36m 49s· 6 players
Game mode
Random Map
Map size
210×210
Population
200
Speed
Normal
Resources
Standard
Victory
Conquest
Starting age
Dark Age
Ending age
Imperial Age
RankedLock teamsTeams togetherTeam positionsShared explorationLock speedFull tech treeHidden civsTurbo modeCheats
Victory
Defeat
🇪🇸 Wei · Spain
1748
+7
🇬🇧 Britons · United Kingdom
1594
+12
🇬🇧 Inca · United Kingdom
1421
+20
🇲🇽 Bohemians · Mexico
1632
-18
🇦🇷 Lithuanians · Argentina
1548
-14
🇦🇷 Cumans · Argentina
1368
-7
[R1] andres_rod
3:39 Loom
12:47 Feudal Age
16:29 Castle Age
16:17 Fletching
20:23 Double-Bit Axe
34:00 Imperial Age
33:12 Ballistics
35:26 Bodkin Arrow
36:40 Bow Saw
36:48 Padded Archer Armor
Bixiyo
5:08 Loom
12:29 Feudal Age
16:38 Castle Age
14:48 Double-Bit Axe
15:14 Fishing Lines
15:42 Town Watch
17:10 Gillnets
17:38 Bow Saw
22:08 Fletching
23:10 Bodkin Arrow
26:18 Padded Archer Armor
26:40 Ballistics
32:45 Imperial Age
33:01 Thumb Ring
33:43 Bracer
35:19 Chemistry
34:50 Gold Mining
34:53 Stone Mining
35:48 Leather Archer Armor
36:41 Parthian Tactics
36:30 Scale Mail Armor
37:31 Bloodlines
37:21 Husbandry
Brodo Swaggins
4:35 Loom
14:58 Feudal Age
16:02 Fishing Lines
16:14 Double-Bit Axe
16:54 Gold Mining
18:50 Wheelbarrow
18:01 Town Watch
21:57 Castle Age
21:03 Forging
21:05 Stone Mining
24:33 Hand Cart
24:18 Fletching
25:10 Medium Warships
24:50 Gillnets
26:05 Bodkin Arrow
27:53 Guard Tower
29:17 Masonry
29:38 Treadmill Crane
33:51 Imperial Age
32:40 Ballistics
32:16 Murder Holes
33:35 Bow Saw
34:21 Clinker Construction
34:36 Bracer
36:19 Chemistry
37:41 Conscription
Te_Detono_FaciL
3:16 Loom
14:19 Feudal Age
16:40 Town Watch
20:14 Castle Age
21:15 Wheelbarrow
26:08 Fletching
28:10 Bodkin Arrow
30:36 Double-Bit Axe
30:31 Horse Collar
32:20 Padded Archer Armor
35:27 Bow Saw
35:44 Scale Barding Armor
35:51 Forging
36:45 Bloodlines
37:12 Chain Barding Armor
Dulun-Boldak
5:41 Loom
14:02 Feudal Age
17:50 Castle Age
16:50 Double-Bit Axe
16:58 Stone Mining
16:50 Horse Collar
19:23 Bow Saw
33:26 Forging
33:25 Scale Barding Armor
37:32 Imperial Age
Barón de la Cerveza
5:16 Loom
6:16 Loom
14:04 Feudal Age
17:54 Castle Age
18:32 Double-Bit Axe
24:17 Bow Saw
25:56 Sanctity
27:06 Medium Warships
28:03 Medium Warships
28:38 Redemption
28:39 Fervor
37:09 Imperial Age
36:03 Wheelbarrow
36:57 Wagenburg Tactics
Connection lost

Rejoining the realm…

Still unreachable

The connection could not be restored.

Session expired

The server has moved on; the page needs a fresh start.